 Dungeon Crawl Stone Soup version 0.30-a0-634-g8abc85282e (webtiles) character file.

Game seed: 4598352486436893555

546 Popcorn the Chopper (level 7, -4/64 HPs)
             Began as a Hill Orc Berserker on Jan 14, 2023.
             Was a Priest of Trog.
             Slain by a hound (5 damage)
             ... on level 5 of the Dungeon.
             The game lasted 00:11:48 (3441 turns).

Popcorn the Chopper (Hill Orc Berserker)            Turns: 3441, Time: 00:11:49

Health: -4/64      AC:  6    Str: 22    XL:     7   Next: 28%
Magic:  7/7        EV: 11    Int:  7    God:    Trog [***...]
Gold:   189        SH:  0    Dex: 10    Spells: 6/6 levels left

rFire   . . .      SeeInvis .    a - +1 hand axe (freeze)
rCold   . . .      Faith    +    (no shield)
rNeg    . . .      Spirit   .    o - +0 leather armour
rPois   .          Reflect  .    e - +0 helmet
rElec   .          Harm     .    r - +0 cloak
rCorr   .          Rampage  .    (no gloves)
Will    .....                    (no boots) Stlth
                                 u - amulet of faith
HPRegen 0.30/turn                (no ring)
MPRegen 0.10/turn                (no ring)

@: confused
A: no striking features
a: Renounce Religion, Berserk, Trog's Hand


You were on level 5 of the Dungeon.
You worshipped Trog.
Trog was most pleased with you.
You visited 1 branch of the dungeon, and saw 5 of its levels.

You collected 189 gold pieces.

Inventory:

Hand Weapons
 a - a +1 hand axe of freezing (weapon)
Missiles
 x - 4 poisoned darts
Armour
 b - a +1 chain mail of poison resistance
 e - a +0 helmet (worn)
 f - a +0 plate armour
 l - a +0 ring mail
 o - a +0 leather armour (worn)
 r - a +0 cloak (worn)
 s - a +0 scale mail
Jewellery
 u - an amulet of faith (around neck)
Wands
 t - a wand of iceblast (4) (quivered)
Scrolls
 k - a scroll of enchant weapon
 m - 3 scrolls of blinking
 v - 2 scrolls of butterflies
Potions
 c - a potion of lignification
 d - 2 potions of haste
 g - 4 potions of curing
 i - a potion of flight {unknown}
 j - a potion of brilliance {unknown}
 n - a potion of heal wounds {unknown}
 p - a potion of degeneration {unknown}
 q - 2 potions of cancellation {unknown}
 w - a potion of mutation {unknown}


   Skills:
 + Level 6.3 Fighting
 + Level 6.9 Axes
 + Level 5.1 Armour
 - Level 1.5 Dodging


You had 6 spell levels left.
You didn't know any spells.
Your spell library was empty.

Dungeon Overview and Level Annotations

Branches:
Dungeon (5/15)
 Temple: D:4-7

Altars:
Ru

Annotations:
D:4 1 runed translucent door


Message History

* * * LOW HITPOINT WARNING * * *
Things that are here:
a +0 dagger; a +0 robe The hound bites you but does no damage.
The centaur shoots an arrow.
The arrow barely misses you.
You hit the hound. You freeze the hound.
The hound is moderately wounded.
The hound bites you but does no damage.
The centaur shoots an arrow.
The arrow hits you.
* * * LOW HITPOINT WARNING * * *
The hound bites you but does no damage.
The centaur shoots an arrow.
The arrow hits you.
* * * LOW HITPOINT WARNING * * *
You barely miss the hound.
The hound is moderately wounded.
You hear the brisk rusting of a drain nearby.
The hound closely misses you.
The centaur shoots an arrow.
The arrow hits you!
* * * LOW HITPOINT WARNING * * *
You hit the hound. You freeze the hound.
The hound is almost dead.
The hound bites you but does no damage.
The centaur shoots an arrow.
The arrow hits you.
* * * LOW HITPOINT WARNING * * *
The hound bites you but does no damage.
You miss the hound.
The hound is almost dead.
You feel less invigorated. The hound bites you.
* * * LOW HITPOINT WARNING * * *
The centaur unwields a +0 shortbow.
The centaur hits you.
* * * LOW HITPOINT WARNING * * *
The centaur completely misses you.
You hit the centaur. You freeze the centaur.
The centaur is almost dead.
You hit the hound but do no damage. The hound bites you.
* * * LOW HITPOINT WARNING * * *
The centaur hits you.
* * * LOW HITPOINT WARNING * * *
The centaur barely misses you. The hound attacks as you move away!
The hound bites you.
You die...

..........#..## #.# ##
.............#.^#.#^.#
..###..#..#..##^#.#ยง## # ..#
#..#..#..#.^#.#^.# .#
..###..#..#..####'####..#.#.##..#
.................................
.<###..##.#.#.####....#.#...#...#
..# #..##.#.#.####.#....#........
..# #...........@................
..###.###......hc................
..'...................>..........
..###+###.#......................
..........##..##................#
..........##..#####......#####...
..........##........#.....#......
..........###..###..#.....#......
..........# #..# #..##....#......


You could see a centaur and a hound.

Vanquished Creatures
  The ghost of NinjaNoafa the Gusty, an amateur GnAE (D:4)
  A centaur (D:5)
  A phantom (D:5)
  A howler monkey (D:5)
  2 orc priests (D:3)
  Ijyb (D:3)
  Robin (D:4)
  3 adders
  A river rat (D:4)
  An ufetubus (D:4)
  5 worms
  5 orcs
  5 endoplasms
  15 goblins
  6 hobgoblins
  2 jackals (D:4)
  3 kobolds
  4 quokkas
  3 ball pythons
  4 bats
  3 frilled lizards
  5 rats
73 creatures vanquished.

Vanquished Creatures (others)
  An orc wizard (D:5)
1 creature vanquished.

Grand Total: 74 creatures vanquished

Notes
Turn   | Place    | Note
-------+----------+-------------------------------------------
     0 | D:1      | Popcorn the Hill Orc Berserker began the quest for the Orb.
     0 | D:1      | Reached XP level 1. HP: 19/19 MP: 1/1
   195 | D:1      | Found a faded altar of an unknown god.
   250 | D:1      | Reached XP level 2. HP: 22/27 MP: 2/2
  1293 | D:2      | Reached XP level 3. HP: 25/33 MP: 3/3
  1456 | D:3      | Reached XP level 4. HP: 18/41 MP: 4/4
  1733 | D:3      | Reached skill level 5 in Axes
  1792 | D:3      | Noticed Ijyb
  1806 | D:3      | Killed Ijyb
  1806 | D:3      | Reached ** piety under Trog
  1815 | D:3      | Reached XP level 5. HP: 22/47 MP: 5/5
  2102 | D:3      | Reached skill level 5 in Fighting
  2291 | D:4      | Found a runed translucent door.
  2294 | D:4      | Noticed NinjaNoafa's ghost (amateur GnAE)
  2528 | D:4      | Noticed Robin
  2545 | D:4      | Killed Robin
  2600 | D:4      | Found a sacrificial altar of Ru.
  2637 | D:4      | Found a runed translucent door.
  2909 | D:4      | Reached *** piety under Trog
  2914 | D:4      | Killed NinjaNoafa's ghost
  2915 | D:4      | Reached XP level 6. HP: 33/57 MP: 6/6
  3030 | D:5      | Entered Level 5 of the Dungeon
  3265 | D:5      | Reached XP level 7. HP: 55/63 MP: 7/7
  3427 | D:5      | Reached skill level 5 in Armour
  3440 | D:5      | HP: 1/64 [centaur (5)]
  3441 | D:5      | Slain by a hound

Illustrated notes

Levels and vault maps discovered:
D:1:      dpeg_arrival_long_road, layout_loops_ring,
          hellmonk_ecumenical_altar_lost_god, minmay_misc_feat_plants
D:2:      layout_loops_cross, serial_bayou_pond_c, hangedman_decor_peaks_small
D:3:      layout_loops_ring, minivault_24, nicolae_underground_beach, uniq_ijyb
D:4:      layout_rooms, nicolae_ru_awakened_eye, ebering_ghost_sewer_f,
          uniq_robin
D:5:      layout_basic, portal_sewer_entry_d, grunt_tough_drop, uniq_menkaure

Skill      XL: |  1  2  3  4  5  6  7 |
---------------+----------------------+-----
Fighting       | 4 5 6 |  6.3
Armour         | 3 4 5 |  5.1
Axes           | 5 6 |  6.9
Dodging        | |  1.5

Action                   |  1- 3 |  4- 6 |  7- 9 || total
-------------------------+-------+-------+-------++-------
Melee: Hand axe          |    78 |   117 |    18 ||   213
       Punch             |     2 |       |       ||     2
Evoke: Wand              |       |     5 |       ||     5
  Use: Scroll            |     6 |     4 |     1 ||    11
       Potion            |       |       |     1 ||     1
 Stab: Sleeping          |     1 |       |       ||     1
Armor: Animal skin       |    19 |       |       ||    19
       Leather armour    |       |    32 |    12 ||    44
Dodge: Dodged            |    44 |    60 |    16 ||   120

Table legend: (Time is in decaauts)
 A = Elapsed time spent in this place.
 B = Non-inter-level travel time spent in this place.
 C = Inter-level travel time spent in this place.
 D = Time resting spent in this place.
 E = Time spent auto-exploring this place.
 F = Levels seen in this place.
 G = Mean time per level.
                   A        B        C        D        E       F      G
               +--------+--------+--------+--------+--------+-----+--------+
         Total |   3467 |   3259 |    208 |    338 |   2171 |   5 |  693.4 |
       Dungeon |   3467 |   3259 |    208 |    338 |   2171 |   5 |  693.4 |
               +--------+--------+--------+--------+--------+-----+--------+

Top non-repeatable levels by time:
     D:2: 844 daAuts
     D:3: 762 daAuts
     D:4: 745 daAuts
     D:1: 705 daAuts
     D:5: 409 daAuts
